 Dungeon Crawl Stone Soup version 0.23-a0-550-g7de1f8e (webtiles) character file.

809 mhoghedin the Quickloader (level 8, -2/47 HPs)
             Began as a Kobold Hunter on Dec 10, 2018.
             Was a Follower of Okawaru.
             Slain by an iguana (10 damage)
             ... on level 6 of the Dungeon.
             The game lasted 00:07:11 (2726 turns).

mhoghedin the Quickloader (Kobold Hunter)           Turns: 2726, Time: 00:07:12

Health: -2/47      AC:  4    Str: 10    XL:     8   Next: 15%
Magic:  7/8        EV: 15    Int: 13    God:    Okawaru [*.....]
Gold:   48         SH:  0    Dex: 16    Spells: 7/7 levels left

rFire    . . .     SeeInvis .   a - +1 hand crossbow
rCold    . . .     Gourm    .   (shield restricted)
rNeg     . . .     Faith    .   c - +1 leather armour
rPois    .         Spirit   .   (no helmet)
rElec    .         Reflect  .   (no cloak)
rCorr    .         Harm     .   (no gloves)
MR       .....                  (no boots)
Stlth    ++........             l - amulet of regeneration {+regen, !d}
HPRegen  0.55/turn              (no ring)
MPRegen  0.11/turn              (no ring)

@: no status effects
A: small, carnivore
a: Heroism, Renounce Religion


You were on level 6 of the Dungeon.
You worshipped Okawaru.
Okawaru was aware of your devotion.
You were hungry.

You visited 1 branch of the dungeon, and saw 5 of its levels.

You collected 174 gold pieces.
You spent 126 gold pieces at shops.

Inventory:

Hand Weapons
 a - a +1 hand crossbow (weapon)
 b - a +0 short sword
Missiles
 d - 42 bolts (quivered)
Armour
 c - a +1 leather armour (worn)
Jewellery
 l - an amulet of regeneration (around neck) {+regen, !d}
   (You found it on level 2 of the Dungeon)
Scrolls
 h - a scroll of remove curse
Potions
 i - a potion of cancellation
 j - a potion of degeneration {!q}
 k - a potion of brilliance
Comestibles
 f - 3 rations


   Skills:
 - Level 3.6 Fighting
 - Level 3.1 Short Blades
 + Level 9.9 Crossbows
 - Level 2.4 Dodging
 - Level 3.9 Stealth


You had 7 spell levels left.
You didn't know any spells.
Your spell library contained the following spells:

 Spells                   Type           Power        Failure   Level  Hunger
 Animate Skeleton         Necr           N/A          38%         1    ##.....
 Apportation              Tloc           #.....       38%         1    ##.....
 Confusing Touch          Hex            #.....       38%         1    ##.....
 Summon Small Mammal      Summ           #...         38%         1    ##.....


Dungeon Overview and Level Annotations

Branches:
Dungeon (7/15)
 Temple: D:4-7

Altars:
Nemelex Xobeh
Okawaru
Uskayaw
Xom

Shops:
D:7 !

Annotations:
D:7 derval's ghost, novice DDEE


Innate Abilities, Weirdness & Mutations

You are small and have problems with some larger weapons.
You are carnivorous and can eat meat at any time.


Message History

Something shouts, "Get thee hence, thou erky beef-witted mish-mash!"
A bullfrog comes into view.
The bullfrog moves out of view.
Firing (i - inventory)
d - 51 bolts (quivered)
Aim: an iguana You shoot a bolt.
The bolt closely misses the iguana.
You hear a splash.
Firing (i - inventory)
d - 50 bolts (quivered)
Aim: a bullfrog You shoot a bolt.
The bolt barely misses the bullfrog.
You hear a splash.
Firing (i - inventory)
d - 49 bolts (quivered)
Aim: a bullfrog You shoot a bolt.
The bolt hits the bullfrog.
The bullfrog barely misses you. The bullfrog hits you!
You take 8 damage, and have 33/47 hp.
Firing (i - inventory)
d - 48 bolts (quivered)
Aim: a bullfrog (lightly wounded)
You shoot a bolt. The bolt closely misses the bullfrog.
The bolt barely misses the iguana.
The bullfrog closely misses you.
Firing (i - inventory)
d - 47 bolts (quivered)
Aim: a bullfrog (lightly wounded)
You shoot a bolt. The bolt hits the bullfrog!
The bullfrog hits you but does no damage.
The iguana misses you. The bullfrog hits you.
You take 3 damage, and have 31/47 hp.
The bullfrog hits you! The bullfrog hits you.
You take 9 damage, and have 23/47 hp.
The bullfrog hits you.
You take 4 damage, and have 19/47 hp.
The bullfrog hits you.
You take 4 damage, and have 15/47 hp.
The bullfrog hits you but does no damage.
There is an open door, spattered with blood here.
Things that are here:
a +0 dagger of venom; a +0 robe; an orc corpse You gain the combat prowess of a mighty hero.
The iguana bites you.
* * * LOW HITPOINT WARNING * * *
The bullfrog completely misses you.
You take 6 damage, and have 12/47 hp.
You now have 6/8 mp.
Wield which item (- for none, * to show all)? (? for menu, Esc to quit)
Okay, then.
Unknown command.
Unknown command.
Okay, then.
Unknown command.
The iguana closely misses you. The iguana misses you.
The bullfrog barely misses you. The bullfrog hits you.
* * * LOW HITPOINT WARNING * * *
The iguana closely misses you.
You take 2 damage, and have 12/47 hp.
Unknown command.
The bullfrog hits you.
* * * LOW HITPOINT WARNING * * *
The bullfrog hits you.
* * * LOW HITPOINT WARNING * * *
You take 10 damage, and have 2/47 hp.
MASSIVE DAMAGE!!
Okay, then.
Unknown command.
Unknown command.
You feel better. The bullfrog hits you.
* * * LOW HITPOINT WARNING * * *
The iguana misses you.
You regained 5 hp, and now have 7/47 hp.
You feel better. The bullfrog completely misses you.
The iguana completely misses you. The bullfrog completely misses you.
You regained 8 hp, and now have 15/47 hp.
The bullfrog barely misses you. The iguana misses you.
Firing (i - inventory)
d - 46 bolts (quivered)
Aim: a bullfrog (heavily wounded)
You shoot a bolt. The bolt hits the bullfrog!
You feel like a meek peon again. The bullfrog hits you.
* * * LOW HITPOINT WARNING * * *
The bullfrog barely misses you. The iguana barely misses you.
You take 1 damage, and have 14/47 hp.
Firing (i - inventory)
d - 45 bolts (quivered)
Aim: a bullfrog (almost dead)
You shoot a bolt. The bolt hits the bullfrog.
You kill the bullfrog!
Okawaru accepts your kill. The iguana bites you.
* * * LOW HITPOINT WARNING * * *
You take 4 damage, and have 10/47 hp.
Firing (i - inventory)
d - 44 bolts (quivered)
Aim: an iguana You shoot a bolt.
The bolt hits the iguana but does no damage.
The iguana bites you.
* * * LOW HITPOINT WARNING * * *
You take 3 damage, and have 7/47 hp.
Firing (i - inventory)
d - 43 bolts (quivered)
Aim: an iguana You shoot a bolt.
The bolt hits the iguana but does no damage.
The iguana bites you!
You die...

.....#........#....# .
.....#........#....#
.....#........#....#
.....'..+.....#....#
.....##.......#...##############
#...........####'##............#
#...........#...).#............#
'....>......#..l(.#............#
#...........#...@.#............#
#...........#######.†..........#
###'................############
....................# .......#
....'............)..# ......# .
##.+................# #.....##.
#............##'##### #.....#.)
#............#.....######.....#.#
#....##+######..................#


You could see an iguana.

Vanquished Creatures
  A phantom (D:6)
  An ogre (D:7)
  A bullfrog (D:6)
  2 big kobolds (D:7)
  A howler monkey (D:6)
  A crimson imp (D:6)
  3 orc priests
  A hound (D:6)
  3 orc wizards (D:6)
  2 worker ants (D:6)
  2 gnolls (D:6)
  2 adders (D:2)
  2 shadow imps (D:6)
  A worm (D:2)
  2 dart slugs
  2 leopard geckos
  6 orcs
  A ball python (D:2)
  8 bats
  A giant cockroach (D:1)
  7 hobgoblins
  4 jackals (D:7)
  2 quokkas
  2 frilled lizards
  7 goblins
  13 kobolds
  A quokka skeleton (D:6)
  4 rats
83 creatures vanquished.

Notes
Turn   | Place    | Note
-------+----------+-------------------------------------------
     0 | D:1      | mhoghedin the Kobold Hunter began the quest for the Orb.
     0 | D:1      | Reached XP level 1. HP: 12/12 MP: 1/1
   194 | D:1      | Reached skill level 1 in Short Blades
   194 | D:1      | Reached skill level 2 in Stealth
   194 | D:1      | Reached XP level 2. HP: 15/18 MP: 2/2
   998 | D:2      | Reached XP level 3. HP: 22/22 MP: 3/3
  1135 | D:2      | Found a hide-covered altar of Uskayaw.
  1145 | D:2      | Reached skill level 2 in Short Blades
  1175 | D:2      | Reached skill level 3 in Fighting
  1200 | D:2      | Reached skill level 3 in Stealth
  1258 | D:2      | Reached XP level 4. HP: 27/28 MP: 4/4
  1740 | D:3      | You fall through a shaft for 3 floors!
  1754 | D:6      | Reached skill level 3 in Short Blades
  1754 | D:6      | Reached XP level 5. HP: 23/32 MP: 5/5
  1798 | D:6      | Reached skill level 5 in Crossbows
  1821 | D:6      | Found an iron altar of Okawaru.
  1830 | D:6      | Became a worshipper of Warmaster Okawaru
  1865 | D:6      | Noticed a phantom
  1876 | D:6      | Reached skill level 6 in Crossbows
  1876 | D:6      | Reached XP level 6. HP: 20/37 MP: 6/6
  1880 | D:6      | Killed a phantom
  1949 | D:7      | Found a sparkling altar of Nemelex Xobeh.
  1957 | D:6      | Reached skill level 7 in Crossbows
  2235 | D:6      | You fall through a shaft!
  2238 | D:7      | Found a shimmering altar of Xom.
  2268 | D:7      | Reached * piety under Okawaru
  2268 | D:7      | Reached XP level 7. HP: 41/41 MP: 7/7
  2277 | D:7      | Found Moelles's Distillery.
  2286 | D:7      | Reached skill level 8 in Crossbows
  2302 | D:7      | Bought 2 potions of curing for 84 gold pieces
  2302 | D:7      | Bought a potion of curing for 42 gold pieces
  2344 | D:7      | Noticed derval's ghost (novice DDEE)
  2429 | D:6      | Reached skill level 9 in Crossbows
  2554 | D:6      | Reached XP level 8. HP: 37/47 MP: 8/8
  2719 | D:6      | HP: 8/47 [bullfrog (5)]
  2719 | D:6      | HP: 2/47 [bullfrog (6)]
  2724 | D:6      | HP: 10/47 [iguana (5)]
  2726 | D:6      | Slain by an iguana

Vault maps used:
D:1:      mushboom_english_gardens
D:2:      cheibrodos_helix_gallery, eat_drink_and_be_merry_uskayaw,
          minmay_three_crescents
D:3:      serial_undead, serial_undead_e, serial_undead_d, serial_undead_b,
          serial_undead_e, serial_undead_a, serial_undead_c
D:6:      okawaru_altar_gauntlet_db, lemuel_zombie_altar_yredelemnul,
          enter_ossuary_1, grunt_potential
D:7:      nicolae_overflow_hidden_temple, elyvilon_altar_5, kennysheep_mini,
          nicolae_overflow_crystal_walls, gammafunk_ghost_split, serial_shops,
          shop_fountains

Skill      XL: |  1  2  3  4  5  6  7 |
---------------+----------------------+-----
Short Blades   | 1 2 3 |  3.1
Stealth        | 2 3 |  3.9
Fighting       | 3 |  3.6
Crossbows      | 6 7 9 |  9.9
Dodging        | |  2.4

Action                   |  1- 3 |  4- 6 |  7- 9 || total
-------------------------+-------+-------+-------++-------
Melee: Short sword       |    67 |    15 |       ||    82
 Fire: Hand crossbow     |    35 |    97 |    81 ||   213
Invok: Heroism           |       |       |     2 ||     2
  Use: Scroll            |       |     4 |     1 ||     5
       Potion            |       |       |     5 ||     5
 Stab: Sleeping          |     4 |       |       ||     4
  Eat: Chunk             |       |     4 |     1 ||     5
Armor: Leather armour    |    20 |     5 |     8 ||    33
Dodge: Dodged            |    81 |    43 |    47 ||   171

Table legend:
 A = Non-vault XP
 B = Vault XP
 C = Vault XP percentage of total XP
 D = Non-vault monster count
 E = Vault monster count
 F = Vault count percentage of total count
                 A         B        C        D         E       F
            +---------+---------+-------+---------+---------+-------
      Total |     996 |     160 |  13.8 |      68 |      15 |  18.1
            +---------+---------+-------+---------+---------+-------
        D:1 |      28 |       0 |   0.0 |      16 |       0 |   0.0
        D:2 |      44 |      26 |  37.1 |      18 |       8 |  30.8
        D:6 |     569 |     134 |  19.1 |      19 |       7 |  26.9
        D:7 |     355 |       0 |   0.0 |      15 |       0 |   0.0
            +---------+---------+-------+---------+---------+-------

Vault maps used:
D:1:      mushboom_english_gardens
D:2:      cheibrodos_helix_gallery, eat_drink_and_be_merry_uskayaw,
          minmay_three_crescents
D:3:      serial_undead, serial_undead_e, serial_undead_d, serial_undead_b,
          serial_undead_e, serial_undead_a, serial_undead_c
D:6:      okawaru_altar_gauntlet_db, lemuel_zombie_altar_yredelemnul,
          enter_ossuary_1, grunt_potential
D:7:      nicolae_overflow_hidden_temple, elyvilon_altar_5, kennysheep_mini,
          nicolae_overflow_crystal_walls, gammafunk_ghost_split, serial_shops,
          shop_fountains

Table legend:
 A = Turns spent in this place as a percentage of turns spent in the entire game.
 B = Non-inter-level travel turns spent in this place as a percentage of non-inter-level travel turns spent in the entire game.
 C = Inter-level travel turns spent in this place as a percentage of turns spent in this place.
 D = Turns resting spent in this place as a percentage of non-inter-level travel turns spent in this place.
 E = Turns spent auto-exploring this place as a percentage of non-inter-level travel turns spent in this place.
 F = Non-inter-level travel turns spent in this place divided by the number of levels of this place that you've seen.
                   A       B       C       D       E      F
               +-------+-------+-------+-------+-------+----------------------
         Total | 100.0 | 100.0 |   2.0 |  10.4 |  66.7 | 534.2
       Dungeon | 100.0 | 100.0 |   2.0 |  10.4 |  66.7 | 534.2
               +-------+-------+-------+-------+-------+----------------------

Table legend:
 A = Kills in this place as a percentage of kills in entire the game.
 B = Kills by you in this place as a percentage of kills by you in the entire game.
 C = Kills by friends in this place as a percentage of kills by friends in the entire game.
 D = Other kills in this place as a percentage of other kills in the entire game.
 E = Experience gained in this place as a percentage of experience gained in the entire game.
 F = Experience gained in this place divided by the number of levels of this place that you have seen.
                   A       B       C       D       E      F
               +-------+-------+-------+-------+-------+----------------------
         Total | 100.0 | 100.0 |   N/A |   N/A | 100.0 | 231.2
       Dungeon | 100.0 | 100.0 |   N/A |   N/A | 100.0 | 231.2
               +-------+-------+-------+-------+-------+----------------------
